 Dungeon Sprint DCSS version 0.27.1-34-g3ba077fa99 (webtiles) character file.

Game seed: 4178862767159485971

54 boopmooplesden the Blocker (level 7, 0/71 HPs)
             Began as a Minotaur Fighter on Jan 2, 2022.
             Was a Believer of Okawaru.
             Slain by Sonja (5 damage)
             ... in the Dungeon (Sprint VI: "Thunderdome").
             The game lasted 00:02:20 (358 turns).

boopmooplesden the Blocker (Minotaur Fighter)        Turns: 358, Time: 00:02:20

Health: 0/71       AC:  9    Str: 25    XL:     7   Next: 13%
Magic:  5/6        EV: 10    Int: 13    God:    Okawaru [**....]
Gold:   91         SH: 17    Dex: 10    Spells: 6/6 levels left

rFire    + . .     SeeInvis .   a - +0 long sword
rCold    . . .     Faith    .   c - +0 kite shield
rNeg     . . .     Spirit   .   b - +0 scale mail
rPois    +         Reflect  +   (helmet restricted)
rElec    .         Harm     .   (no cloak)
rCorr    .         Rampage  .   q - +0 pair of gloves
Will     .....     NoTele   +   (no boots)
Stlth    ..........             d - amulet of Zuomazuo {Reflect rPois Int+4 SH+5}
HPRegen  0.21/turn              o - ring of the Mantidfly {Wiz Str+3}
MPRegen  0.10/turn              p - ring "Gounino" {rPois rF+ Int+4}

@: no status effects
A: horns 2, retaliatory headbutt
a: Renounce Religion, Heroism


You were in the Dungeon.
You worshipped Okawaru.
Okawaru was pleased with you.
You visited 1 branch You collected 280 gold pieces.
You spent 189 gold pieces at shops.

Inventory:

Hand Weapons
 a - a +0 long sword (weapon)
Armour
 b - a +0 scale mail (worn)
 c - a +0 kite shield (worn)
 q - a +0 pair of gloves (worn)
Jewellery
 d - the amulet of Zuomazuo (around neck) {Reflect rPois Int+4 SH+5}
   (You bought it in a shop in the Dungeon)

   [amulet of reflection]

   It reflects blocked missile attacks.
   Int:       It affects your intelligence (+4).
   rPois:     It protects you from poison.
   SH:        It affects your SH (+5).
 o - the ring of the Mantidfly (left hand) {Wiz Str+3}
   (You bought it in a shop in the Dungeon)

   [ring of wizardry]

   It improves your spell success rate.
   Str:       It affects your strength (+3).
 p - the ring "Gounino" (right hand) {rPois rF+ Int+4}
   (You bought it in a shop in the Dungeon)

   [ring of protection from fire]

   Int:       It affects your intelligence (+4).
   rF:        It protects you from fire.
   rPois:     It protects you from poison.
Wands
 l - a wand of acid (5)
 m - a wand of iceblast (5)
Scrolls
 j - 4 scrolls of blinking
 n - 3 scrolls of fog
Potions
 e - a potion of curing
 f - 2 potions of heal wounds
 g - 4 potions of haste
 h - 2 potions of magic
 i - a potion of berserk rage
 k - a potion of resistance


   Skills:
 + Level 9.8 Fighting
 + Level 8.6 Long Blades
 + Level 9.4 Armour
 + Level 2.9 Dodging
 + Level 10.6 Shields


You had 6 spell levels left.
You didn't know any spells.
Your spell library was empty.

Dungeon Overview and Level Annotations

Branches:
Dungeon (1/1)

Altars:
Cheibriados
Dithmenos
Fedhas
Gozag
Kikubaaqudgha
Makhleb
Okawaru
Qazlal
Ru
Sif Muna
Trog
Uskayaw
Vehumet
Wu Jian
Xom
Yredelemnul
Zin
The Shining One
Beogh
Jiyva
Lugonu

Shops:
D *[??*?*:[((!!!!

Annotations:
D Sonja


Innate Abilities, Weirdness & Mutations

You have a pair of horns on your head.
You reflexively headbutt those who attack you in melee.


Message History

You reflect the curare-tipped dart off an invisible shield around you!
The curare-tipped dart closely misses Sonja.
There is a staircase leading out of the dungeon here.
Sonja casts a spell.
Sonja blinks!
Things that are here:
a +0 dagger; 6 poisoned darts; a kobold corpse Sonja says, "I'm academy-trained, you know."
You block Sonja's attack.
Sonja hits you with a +0 short sword of distortion.
You block Sonja's attack. Sonja misses you. Sonja barely misses you. x2
You hit Sonja but do no damage. You block Sonja's attack.
Sonja hits you with a +0 short sword of distortion.
You block Sonja's attack.
You closely miss Sonja. Your headbutt misses Sonja. You block Sonja's attack.
Sonja completely misses you. Sonja hits you but does no damage.
You closely miss Sonja.
You feel like a meek peon again. You block Sonja's attack. x3
You closely miss Sonja. Your headbutt misses Sonja. You block Sonja's attack.
Sonja barely misses you.
Sonja hits you with a +0 short sword of distortion.
Sonja hits you but does no damage. Space warps horribly around you!!
Sonja hits you but does no damage. Space bends around you.
Sonja barely misses you.
You closely miss Sonja. You block Sonja's attack.
Sonja hits you with a +0 short sword of distortion.
* * * LOW HITPOINT WARNING * * *
Space bends around you.
* * * LOW HITPOINT WARNING * * *
You block Sonja's attack.
You miss Sonja. Your headbutt misses Sonja.
Sonja hits you with a +0 short sword of distortion.
* * * LOW HITPOINT WARNING * * *
Space bends around you.
* * * LOW HITPOINT WARNING * * *
You block Sonja's attack. Sonja hits you but does no damage.
You block Sonja's attack.
Sonja hits you with a +0 short sword of distortion.
You die...

#⌠...........⌠#
######.8.........8.######
##.__.......###......_._∩##
#∩........8.# #.8........∩###
............###.............#
.........###.†.###..........⌠
.........# #.<)# #...[......⌠
.........###.).###..........⌠
............###)@K..........#
#∩........8.# #.8........∩###
##∩_._......###......___∩##
######.8.........8.######
#⌠...........⌠#
###.........### #_......._#
#_......._# #_......._#


You could see Sonja.

Vanquished Creatures
  A kobold demonologist (D)
  Sigmund (D)
  A necrophage (D)
  A kobold brigand (D)
  Terence (D)
  An adder skeleton (D)
  An orc (D)
  A bat zombie (D)
  A ball python zombie (D)
  A bat (D)
  A giant cockroach zombie (D)
  A kobold (D)
  2 quokka skeletons (D)
14 creatures vanquished.

Notes
Turn   | Place    | Note
-------+----------+-------------------------------------------
     0 | D        | boopmooplesden the Minotaur Fighter began the quest for the
                  | Orb.
     0 | D        | Reached XP level 1. HP: 19/19 MP: 0/0
     3 | D        | Found an ancient bone altar of Kikubaaqudgha.
     4 | D        | Found an iron altar of Okawaru.
     5 | D        | Found a radiant altar of Vehumet.
     5 | D        | Found a shimmering altar of Xom.
     5 | D        | Round 1.
     6 | D        | Found a sacrificial altar of Ru.
     6 | D        | Found Ipazed's Identification Station.
     7 | D        | Found Gycsoziu's Jewellery.
     7 | D        | Found Mucusm's Advanced Armour.
     8 | D        | Found a viscous altar of Jiyva.
     9 | D        | Found a bloodstained altar of Trog.
     9 | D        | Found a shimmering blue altar of Sif Muna.
     9 | D        | Found a corrupted altar of Lugonu.
     9 | D        | Found Gaevello's Magic Scroll Shop.
     9 | D        | Found Agro's Staff Store.
     9 | D        | Noticed Terence
    10 | D        | Found Pumuutue's Magic Scroll Shop.
    10 | D        | Found Juerch's Must-Have Magic.
    19 | D        | Killed Terence
    20 | D        | Reached skill level 5 in Fighting
    20 | D        | Reached skill level 5 in Armour
    20 | D        | Reached skill level 5 in Shields
    20 | D        | Reached XP level 2. HP: 5/29 MP: 1/1
    23 | D        | Became a worshipper of Warmaster Okawaru
    38 | D        | Bought an ancient ivory amulet for 45 gold pieces
    38 | D        | Identified the amulet of Zuomazuo {Reflect rPois Int+4
                  | SH+5} (You bought it in a shop in the Dungeon)
    38 | D        | Bought a twitching bone ring for 45 gold pieces
    38 | D        | Identified the ring of the Mantidfly {Wiz Str+3} (You
                  | bought it in a shop in the Dungeon)
    38 | D        | Bought a twitching wooden ring for 45 gold pieces
    38 | D        | Identified the ring "Gounino" {rPois rF+ Int+4} (You bought
                  | it in a shop in the Dungeon)
    48 | D        | Found an ornate altar of the Wu Jian Council.
    49 | D        | Found a blossoming altar of Fedhas.
    50 | D        | Found a snail-covered altar of Cheibriados.
    51 | D        | Found Bool Osch's Premium Goods.
    52 | D        | Found Jahymip's Miscellaneous Merchandise.
    52 | D        | Found Uxtom's Basic Armour.
    53 | D        | Found a glowing silver altar of Zin.
    53 | D        | Found a shadowy altar of Dithmenos.
    53 | D        | Found a stormy altar of Qazlal.
    53 | D        | Found Xerusin's Weapon Rack.
    57 | D        | Found a hide-covered altar of Uskayaw.
    60 | D        | Bought a +0 pair of gloves for 54 gold pieces
    71 | D        | Found a burning altar of Makhleb.
    72 | D        | Found a glowing golden altar of the Shining One.
    73 | D        | Found Xuletz's Do-It-Yourself Clinic.
    74 | D        | Found Nyobuun's Bottled Wisdom.
    74 | D        | Found Doerukh's Distillery.
    74 | D        | Found a basalt altar of Yredelemnul.
    74 | D        | Found an opulent altar of Gozag.
    74 | D        | Found Vaemil's Distillery.
   108 | D        | Noticed Sigmund
   122 | D        | Reached XP level 3. HP: 15/36 MP: 2/2
   124 | D        | Killed Sigmund
   124 | D        | Reached * piety under Okawaru
   124 | D        | Arena points: 12 (+12) [x2]
   125 | D        | Reached skill level 5 in Long Blades
   125 | D        | Reached skill level 7 in Shields
   125 | D        | Reached XP level 4. HP: 21/48 MP: 3/3
   125 | D        | Reached XP level 5. HP: 23/53 MP: 4/4
   182 | D        | Round 2.
   183 | D        | Noticed a necrophage
   191 | D        | Killed a necrophage
   192 | D        | Reached skill level 1 in Dodging
   192 | D        | Reached skill level 8 in Shields
   202 | D        | Reached XP level 6. HP: 43/62 MP: 5/5
   202 | D        | Arena points: 54 (+42) [x3]
   256 | D        | Round 3.
   257 | D        | Noticed a kobold demonologist
   284 | D        | Noticed a smoke demon
   284 | D        | Killed a kobold demonologist
   284 | D        | Reached ** piety under Okawaru
   285 | D        | Reached skill level 10 in Shields
   285 | D        | Reached XP level 7. HP: 30/71 MP: 4/6
   341 | D        | Noticed Sonja
   358 | D        | Slain by Sonja

Illustrated notes

Levels and vault maps discovered:
D:        arena_sprint

Skill      XL: |  1  2  3  4  5  6 |
---------------+-------------------+-----
Fighting       | 5 8 9 |  9.8
Long Blades    | 3 5 6 8 |  8.6
Armour         | 5 7 8 9 |  9.4
Shields        | 5 7 8 10 | 10.6
Dodging        | 1 2 |  2.9

Action                   |  1- 3 |  4- 6 |  7- 9 || total
-------------------------+-------+-------+-------++-------
Melee: Long sword        |    14 |    28 |     8 ||    50
       Headbutt          |     2 |     5 |       ||     7
Invok: Heroism           |       |     1 |     1 ||     2
  Use: Potion            |     2 |       |     1 ||     3
Armor: Scale mail        |     2 |    21 |     4 ||    27
Dodge: Dodged            |     8 |    20 |     8 ||    36
Block: Kite shield       |     8 |    42 |    15 ||    65
       Reflection        |       |     3 |     2 ||     5
       Rpst.: Long sword |     2 |     5 |       ||     7
